 Dungeon Crawl Stone Soup version 0.30-b1-2-g02819fbbbe (webtiles) character file.

Game seed: 1396045395361850

70520 bl3nd3r the Executioner (level 14, -6/140 HPs)
             Began as a Minotaur Berserker on May 21, 2023.
             Was a High Priest of Trog.
             Mangled by an alligator snapping turtle (16 damage)
             ... on level 3 of the Shoals.
             The game lasted 00:15:35 (12830 turns).

bl3nd3r the Executioner (Minotaur Berserker)       Turns: 12830, Time: 00:15:35

Health: -6/140     AC: 27    Str: 25    XL:     14   Next: 94%
Magic:  13/13      EV:  9    Int:  4    God:    Trog [*****.]
Gold:   1288       SH:  0    Dex: 18    Spells: 13/13 levels left

rFire   . . .        F - +6 hand axe of Eppitir {flame, rElec rN+ Dex+6}
rCold   . . .        (no shield)
rNeg    + . .        k - +0 plate armour
rPois   +            O - +2 hat
rElec   +            K - +0 cloak
rCorr   +            z - +1 pair of gloves
SInv    .            s - +1 pair of boots {Fly}
Will    +++..        p - amulet of regeneration Stlth
                     i - ring of resist corrosion
HPRegen 2.23/turn    I - ring of poison resistance
MPRegen 0.13/turn

%: no passive effects
@: lethally poisoned (-6 -> -6), strong-willed, flying, mesmerised, regenerating
A: horns 2, retaliatory headbutt
a: Renounce Religion, Berserk, Trog's Hand, Brothers in Arms


You were on level 3 of the Shoals.
You worshipped Trog.
Trog was extremely pleased with you.
You visited 3 branches of the dungeon, and saw 18 of its levels.

You collected 1288 gold pieces.

Inventory:

Hand Weapons
 D - a +2 hand axe of flaming
 F - the +6 hand axe of Eppitir (weapon) {flame, rElec rN+ Dex+6}
   (Trog gifted it to you on level 8 of the Dungeon)

   Dex:       It affects your dexterity (+6).
   rElec:     It insulates you from electricity.
   rN:        It protects you from negative energy.
Missiles
 W - 6 silver boomerangs (quivered)
Armour
 k - a +0 plate armour (worn)
 s - a +1 pair of boots of flying (worn)
 z - a +1 pair of gloves (worn)
 K - a +0 cloak (worn)
 O - a +2 hat (worn)
Jewellery
 b - a ring of magical power
 i - a ring of resist corrosion (left hand)
 p - an amulet of regeneration (around neck)
 G - a ring of fire
 I - a ring of poison resistance (right hand)
 P - an amulet of magic regeneration
 S - the ring of Doxeceh {Fly rN+}
   (You found it on level 5 of the Lair of Beasts)

   [ring of flight]

   rN:        It protects you from negative energy.
   Fly:       It grants you flight.
Wands
 a - a wand of light (20)
 C - a wand of charming (7)
 N - a wand of polymorph (14)
 R - a wand of roots (4)
 U - a wand of mindburst (3)
Scrolls
 d - 19 scrolls of identify {unknown}
 l - 3 scrolls of fear {unknown}
 m - 2 scrolls of enchant armour {unknown}
 o - 5 scrolls of blinking
 q - 2 scrolls of fog {unknown}
 r - 2 scrolls of vulnerability {unknown}
 t - 3 scrolls of poison {unknown}
 y - 3 scrolls of immolation {unknown}
 A - 2 scrolls of noise {unknown}
 B - 3 scrolls of magic mapping {unknown}
 H - 4 scrolls of teleportation
 J - 2 scrolls of summoning {unknown}
 M - 2 scrolls of enchant weapon {unknown}
 V - a scroll of brand weapon {unknown}
Potions
 c - 6 potions of brilliance {unknown}
 e - a potion of mutation {unknown}
 f - 9 potions of curing {unknown}
 g - 5 potions of haste
 h - 3 potions of flight {unknown}
 j - 2 potions of degeneration {unknown}
 n - 2 potions of invisibility {unknown}
 u - 3 potions of ambrosia {unknown}
 v - 6 potions of might {unknown}
 w - 3 potions of lignification {unknown}
 x - 6 potions of heal wounds {unknown}
 E - 5 potions of berserk rage {unknown}
 L - 2 potions of attraction {unknown}
 Q - a potion of cancellation {unknown}


   Skills:
 + Level 17.1 Fighting
 * Level 21.0 Axes
 + Level 16.9 Armour
 - Level 2.2 Dodging


You had 13 spell levels left.
You didn't know any spells.
Your spell library was empty.

Dungeon Overview and Level Annotations

Branches:
Dungeon (9/15)             Temple (0/1) D:5            Lair (5/5) D:8
 Shoals (4/4) Lair:3       Spider (0/4) Lair:3        Slime (0/5) Lair:4
    Orc (0/2) D:9

Altars:
Ashenzari
Elyvilon
Gozag
Okawaru
Uskayaw
Vehumet
Wu Jian

Shops:
D:9 *   Shoals:3 *

Portals:
Abyss: D:7

Annotations:
D:3 exclusion: statue
D:4 3 runed translucent doors, Galthrax's ghost, amateur GnTm; t4s4d4r's ghost, novice FoFi
D:7 2 transporters, CommanderKeen's ghost, novice TrWr


Innate Abilities, Weirdness & Mutations

You have a pair of horns on your head.
You reflexively headbutt those who attack you in melee.


Message History

You slash the merfolk impaler! You burn the merfolk impaler!
Your headbutt misses the merfolk impaler.
The merfolk impaler is almost dead.
You feel sick. The merfolk impaler closely misses you. You furiously retaliate!
You headbutt the merfolk impaler.
You kill the merfolk impaler!
Trog accepts your kill.
You hear a splash. x2
The alligator snapping turtle bites you from afar!!
Your Axes skill increases to level 21!
You take 23 damage, and have 46/140 hp.
A merfolk siren comes into view.
It is wielding a +2 war axe of freezing.
You feel very sick.
The merfolk siren shouts!
The alligator snapping turtle bites you!
* * * LOW HITPOINT WARNING * * *
Things that are here:
a +4 trident of venom; a +0 leather armour You take 11 damage, and have 35/140 hp.
You hit the alligator snapping turtle but do no damage.
You headbutt the alligator snapping turtle.
The alligator snapping turtle is lightly wounded.
You feel sick.
The merfolk siren chants a haunting song.
You are mesmerised by the merfolk siren!
You take 1 damage, and have 34/140 hp.
Your skin crawls.
You feel strong-willed.
You feel sick.
The alligator snapping turtle bites you!!
* * * LOW HITPOINT WARNING * * *
You take 25 damage, and have 9/140 hp.
Your ogre goes berserk!
You feel sick.
The merfolk siren chants its luring song.
The alligator snapping turtle barely misses you.
You feel sick.
The merfolk siren chants its luring song.
The alligator snapping turtle bites you from afar!
You die...

~~~~.........~≈≈≈~~~.....[~~~...~≈~
.~~.##.....###≈≈≈≈~~~..#....~...~~.
#...###....###~≈≈≈≈~~~......).##...
#...##........~≈≈≈≈≈≈≈≈~.....##...~
#... #......~~≈≈≈≈≈≈≈~≈≈~).~~......
#.# #.....~.~≈≈≈≈≈≈~~~~~~~~~~......
.......~~~~≈≈~~~~~~~.~~~~~....~~
...~~~~~~~≈≈≈~~~~~~~...~~~~..~~~
~≈~≈≈≈≈@~~?..###.~~~~~~~.
~≈≈~≈≈≈)~~~...##.~~~~~~~~
~≈≈~≈≈tO~~~~~....~~~~≈≈~~
≈~~~~~~~~~~~~~~~~~~~~ ≈≈≈
~≈~m~~~?~~~~~~~~~~~ ~ ~~≈
≈≈≈~~~~~~~~~~~~~~~~ ~~≈
≈≈≈~~~~~~≈~~~~~~~~~ ~≈≈
≈≈≈≈~~~≈≈~~~~≈~~~~~ ≈≈≈
≈≈≈≈≈≈≈≈≈~~~~≈≈≈~ ≈≈≈


You could see an alligator snapping turtle (ally target), a merfolk siren
(mesmerising) and a friendly ogre (summoned, berserk).

Vanquished Creatures
  Gastronok (Lair:1)
  The ghost of Vorhees the Skirmisher, a journeyman DjHu of Gozag (Lair:5)
  A merfolk impaler (Shoals:3)
  A merfolk javelineer (Shoals:3)
  5 hydras
  2 catoblepae
  2 two-headed ogres (D:9)
  10 death yaks
  A merfolk avatar (Shoals:3)
  A boulder beetle (Lair:3)
  3 merfolk aquamancers
  4 skysharks
  5 sea snakes
  6 harpies
  A cyclops (Shoals:2)
  4 manticores
  11 elephants
  4 water nymphs (Shoals:3)
  4 black mambas
  3 torpor snails
  11 cane toads
  A rime drake (Lair:2)
  9 komodo dragons
  6 polar bears
  8 merfolk
  3 hornets
  A wind drake (Lair:3)
  5 snapping turtles
  6 dream sheep
  32 blink frogs
  2 culicivoras (Lair:3)
  A vampire (D:7)
  2 wyverns
  10 water elementals
  Eustachio (D:5)
  11 spriggans (Lair:5)
  40 yaks
  5 basilisks
  10 water moccasins
  2 sky beasts
  6 orc warriors
  8 black bears
  3 centaurs
  An ogre (D:5)
  3 boggarts (Lair:5)
  38 wolves
  A phantom (D:5)
  14 bullfrogs
  A gnoll sergeant (D:8)
  2 scorpions
  4 wights (D:7)
  4 howler monkeys
  4 electric eels
  6 hounds
  3 gnoll boudas
  5 orc priests
  2 jellies
  6 iguanas
  Terence (D:3)
  A sleepcap (D:8)
  Natasha (thrice) (D:2)
  Ijyb (D:5)
  9 orc wizards
  Robin (D:3)
  8 adders
  24 gnolls
  A shadow imp (D:6)
  2 dart slugs
  A worm (D:4)
  36 orcs
  9 ball pythons
  8 endoplasms
  5 giant cockroaches
  17 goblins
  12 hobgoblins
  9 kobolds
  A quokka (D:1)
  7 bats
  3 frilled lizards
  10 rats
516 creatures vanquished.

Vanquished Creatures (collateral kills)
  2 polar bears (Lair:5)
  A hornet (Lair:5)
  A spriggan (Lair:5)
  A boggart (Lair:5)
  A wolf (Lair:5)
6 creatures vanquished.

Vanquished Creatures (others)
  A water elemental (Shoals:2)
  7 fungi
  24 plants
  8 withered plants
40 creatures vanquished.

Grand Total: 562 creatures vanquished

Notes
Turn   | Place    | Note
-------+----------+-------------------------------------------
     0 | D:1      | bl3nd3r the Minotaur Berserker began the quest for the Orb.
     0 | D:1      | Reached XP level 1. HP: 19/19 MP: 0/0
    22 | D:1      | Reached skill level 4 in Axes
    22 | D:1      | Reached XP level 2. HP: 5/26 MP: 1/1
   249 | D:1      | Reached skill level 5 in Axes
   252 | D:1      | Reached ** piety under Trog
   296 | D:1      | Reached XP level 3. HP: 31/31 MP: 2/2
  1009 | D:2      | Noticed Natasha
  1013 | D:2      | Killed Natasha
  1014 | D:2      | Reached skill level 6 in Axes
  1014 | D:2      | Reached XP level 4. HP: 28/39 MP: 3/3
  1232 | D:2      | Noticed Natasha
  1244 | D:2      | Killed Natasha
  1270 | D:3      | Reached *** piety under Trog
  1326 | D:3      | Found a radiant altar of Vehumet.
  1326 | D:3      | Noticed a charred statue
  1343 | D:2      | Noticed Natasha
  1355 | D:2      | Killed Natasha
  1356 | D:2      | Reached skill level 7 in Axes
  1356 | D:2      | Reached XP level 5. HP: 34/45 MP: 4/4
  1413 | D:3      | Noticed Robin
  1431 | D:3      | Killed Robin
  1503 | D:3      | Noticed Terence
  1520 | D:3      | Killed Terence
  1521 | D:3      | Reached skill level 8 in Axes
  1670 | D:3      | Reached XP level 6. HP: 51/52 MP: 5/5
  1777 | D:4      | Found a runed translucent gate.
  1777 | D:4      | Found a runed translucent gate.
  1777 | D:4      | Found a runed translucent gate.
  1782 | D:4      | Noticed Galthrax's ghost (amateur GnTm)
  1782 | D:4      | Noticed t4s4d4r's ghost (novice FoFi)
  1797 | D:4      | Reached **** piety under Trog
  2326 | D:4      | Reached XP level 7. HP: 55/60 MP: 6/6
  2543 | D:4      | Reached skill level 5 in Fighting
  2689 | D:5      | Entered Level 5 of the Dungeon
  2699 | D:5      | Found a staircase to the Ecumenical Temple.
  2726 | D:5      | Noticed Eustachio
  2739 | D:5      | Reached skill level 9 in Axes
  2746 | D:5      | Killed Eustachio
  2747 | D:5      | Reached skill level 5 in Armour
  2750 | D:5      | Noticed Ijyb
  2753 | D:5      | Killed Ijyb
  2916 | D:5      | Reached XP level 8. HP: 31/70 MP: 7/7
  3061 | D:5      | Found an ornate altar of the Wu Jian Council.
  3065 | D:5      | Found an opulent altar of Gozag.
  3107 | D:5      | Found a white marble altar of Elyvilon.
  3193 | D:5      | Found a hide-covered altar of Uskayaw.
  3202 | D:5      | Found a broken altar of Ashenzari.
  3385 | D:6      | Reached skill level 10 in Axes
  3940 | D:7      | Reached ***** piety under Trog
  3998 | D:7      | Reached XP level 9. HP: 81/81 MP: 8/8
  4271 | D:7      | Reached skill level 11 in Axes
  4303 | D:7      | Found a one-way gate to the infinite horrors of the Abyss.
  4303 | D:7      | Noticed CommanderKeen's ghost (novice TrWr)
  4329 | D:7      | Found a transporter.
  4329 | D:7      | Noticed a brown ugly thing
  4330 | D:7      | Found a transporter.
  4474 | D:8      | Identified the +6 hand axe of Eppitir {flame, rElec rN+
                  | Dex+6} (Trog gifted it to you on level 8 of the Dungeon)
  4474 | D:8      | Received a gift from Trog
  4803 | D:8      | Noticed a death yak
  4803 | D:8      | Noticed a death yak
  4804 | D:8      | Noticed a death yak
  4805 | D:8      | Found a staircase to the Lair.
  4821 | D:8      | Killed a death yak
  4822 | D:8      | Reached skill level 12 in Axes
  4822 | D:8      | Reached XP level 10. HP: 93/93 MP: 9/9
  4826 | D:8      | Killed a death yak
  4827 | D:8      | Reached skill level 10 in Fighting
  4827 | D:8      | Killed a death yak
  4828 | D:8      | Reached skill level 10 in Armour
  5021 | D:9      | Reached skill level 13 in Axes
  5035 | D:9      | Noticed a two-headed ogre
  5048 | D:9      | Killed a two-headed ogre
  5152 | D:9      | Noticed a two-headed ogre
  5162 | D:9      | Killed a two-headed ogre
  5163 | D:9      | Reached XP level 11. HP: 65/102 MP: 10/10
  5360 | D:9      | Found a staircase to the Orcish Mines.
  5506 | D:9      | Found an iron altar of Okawaru.
  5628 | D:9      | Found Mafiu's CLEARANCE SALE!.
  5967 | Lair:1   | Entered Level 1 of the Lair of Beasts
  6014 | Lair:1   | Noticed a catoblepas
  6057 | Lair:1   | Killed a catoblepas
  6155 | Lair:1   | Reached skill level 14 in Axes
  6725 | Lair:1   | Noticed Gastronok
  6745 | Lair:1   | Killed Gastronok
  6746 | Lair:1   | Reached skill level 15 in Axes
  6746 | Lair:1   | Reached XP level 12. HP: 73/115 MP: 11/11
  6907 | Lair:2   | Received a gift from Trog
  7324 | Lair:2   | Reached skill level 16 in Axes
  7697 | Lair:2   | Noticed a five-headed hydra
  7709 | Lair:2   | Killed a three-headed hydra
  7866 | Lair:3   | Found a hole to the Spider Nest.
  7988 | Lair:3   | Reached skill level 17 in Axes
  8018 | Lair:3   | Noticed a catoblepas
  8035 | Lair:3   | Killed a catoblepas
  8057 | Lair:3   | Noticed a boulder beetle
  8073 | Lair:3   | Killed a boulder beetle
  8074 | Lair:3   | Reached XP level 13. HP: 120/125 MP: 12/12
  8088 | Lair:5   | Entered Level 5 of the Lair of Beasts
  8110 | Lair:4   | Received a gift from Trog
  8382 | Lair:3   | Found a staircase to the Shoals.
  8387 | Lair:3   | Identified the +0 robe of the Powerful God {+Blink Str-5
                  | Slay+5 Archmagi}
  8976 | Lair:4   | Reached skill level 15 in Fighting
  9314 | Lair:4   | Found a staircase to the Slime Pits.
  9506 | Lair:5   | Reached skill level 15 in Armour
  9510 | Lair:5   | Reached skill level 18 in Axes
 10027 | Lair:5   | Reached skill level 19 in Axes
 10125 | Lair:5   | Reached XP level 14. HP: 108/136 MP: 13/13
 10188 | Lair:5   | Found a runed translucent door.
 10188 | Lair:5   | Noticed Vorhees's ghost (journeyman DjHu)
 10267 | Lair:5   | Identified the +6 falchion "Demonslayer" {elec, rF++}
 10403 | Lair:5   | Identified the +6 hand axe of Beetle's Foe {flame, rElec
                  | rF+} (Trog gifted it to you on level 5 of the Lair of
                  | Beasts)
 10403 | Lair:5   | Received a gift from Trog
 10504 | Lair:5   | Identified the +4 quarterstaff "Sasillaa" {elec, rCorr}
 10859 | Lair:5   | Killed Vorhees's ghost
 10861 | Lair:5   | Identified the ring of Doxeceh {Fly rN+}
 11007 | Shoals:1 | Entered Level 1 of the Shoals
 11344 | Shoals:2 | Reached skill level 20 in Axes
 12006 | Shoals:3 | Found Pygoewo's Assorted Antiques.
 12104 | Shoals:4 | Entered Level 4 of the Shoals
 12826 | Shoals:3 | Reached skill level 21 in Axes
 12830 | Shoals:3 | Mangled by an alligator snapping turtle

Illustrated notes

Levels and vault maps discovered:
D:1:      dpeg_arrival_pond, layout_rooms, minmay_split_cup_large
D:2:      layout_rooms, kennysheep_path_1, dk_noncrumbling_3,
          chequers_serial_rivers_small_3, uniq_natasha
D:3:      layout_rooms, vehumet_statue, uniq_robin, uniq_terence
D:4:      layout_loops_corners, gammafunk_ghost_cemetery, grunt_decor_arrowhead
D:5:      layout_rooms, overflow_temple_1_default, jmf_multi_god_temple,
          nicolae_overflow_squiral, minmay_temple_entry_arrows,
          minmay_misc_feat_secret_circle, uniq_ijyb, uniq_eustachio
D:6:      layout_basic, fountainhead, nicolae_kite_square_tiling_tiny,
          hangedman_decor_slide_cut
D:7:      layout_rooms, gammafunk_ghost_abyssal_escape
D:8:      layout_rooms, dpeg_lair_monsters
D:9:      layout_stronghold, okawaru_altar_gauntlet_db, david_orc_1_choice,
          serial_park_tiny_1, nicolae_shop_clearance
Lair:1:   layout_chaotic_city, uniq_gastronok
Lair:2:   layout_hall_layers, pdpol_lair_cavern_descent, grunt_megastairs_3
Lair:3:   layout_regular_city, minmay_shoals_entry_beasts,
          hellmonk_spider_entry_life_and_decay
Lair:4:   layout_loops_ring, dpeg_slime_entry_corner, grunt_megastairs_2
Lair:5:   minmay_lair_end_enchanted_forest, layout_cave_pods,
          gammafunk_ghost_grave, serial_bayou_shore_b, lemuel_fruit_tree,
          serial_bayou_shore_a
Shoals:1: layout_shoals, nicolae_shop_self_help
Shoals:2: layout_shoals, shoals_oasis
Shoals:3: layout_shoals, nicolae_stop_n_shop_2
Shoals:4: shoals_end_hellmonk_storm_palace [storm_palace_center_ruins,
          storm_palace_corner_grid, storm_palace_corner_reverse_hut,
          storm_palace_corner_grid, storm_palace_corner_blocked],
          uniq_bai_suzhen

Skill      XL: |  1  2  3  4  5  6  7  8  9 10 11 12 13 14 |
---------------+-------------------------------------------+-----
Axes           | 4 5 6 7 8 9 10 12 13 15 17 19 21 | 21.0
Fighting       | 4 6 7 9 11 13 14 15 17 | 17.1
Armour         | 3 5 7 9 11 13 14 15 16 | 16.9
Dodging        | |  2.2

Action                     |  1- 3 |  4- 6 |  7- 9 | 10-12 | 13-15 || total
---------------------------+-------+-------+-------+-------+-------++-------
  Melee: Hand axe          |    82 |   184 |   236 |   486 |   667 ||  1655
         Headbutt          |     7 |    26 |    50 |   121 |   168 ||   372
         Punch             |     2 |     3 |     3 |    10 |     9 ||    27
  Throw: Throwing net      |       |       |       |       |     1 ||     1
 Invoke: Berserk           |       |       |     3 |     1 |     5 ||     9
         Trog's Hand       |       |       |     2 |     3 |     7 ||    12
         Brothers in Arms  |       |       |       |       |     2 ||     2
   Stab: Petrified         |       |       |       |     2 |     4 ||     6
         Petrifying        |       |       |       |     1 |       ||     1
 Armour: Animal skin       |     5 |       |       |       |       ||     5
         Plate armour      |    21 |   120 |   134 |   249 |   447 ||   971
  Dodge: Dodged            |    45 |    67 |    83 |   144 |   272 ||   611
